[Event "Titled Tuesday Blitz August 1 Late 2023"]
[White "Pakleza, Zbigniew"]
[Black "Tologon tegin, Semetei"]
[WhiteFideId "1119290"]
[BlackFideId "13800574"]
[WhiteElo "2791"]
[BlackElo "2620"]
[Result "0-1"]
[Round "11"]
[TimeControl "180+1"]
[Date "2023.08.01"]
[WhiteClock "0:00:00"]
[BlackClock "0:00:49"]
[Board "21"]

1. d4 Nf6 2. Nf3 e6 3. Bf4 c5 4. c3 b6 5. Nbd2 cxd4 6. cxd4 Be7 7. e3 Bb7 8. Bd3 O-O 9. O-O d5 10. Qa4 a6 11. Rfc1 b5 12. Qd1 Nc6 13. a4 Qb6 14. a5 Qa7 15. Nb3 Nd7 16. h4 h6 17. h5 Rac8 18. g4 Nb4 19. Be2 Rxc1 20. Rxc1 Rc8 21. g5 hxg5 22. Nxg5 Qa8 23. Rc3 Rxc3 24. bxc3 Nc6 25. Qc2 Nf8 26. Nf3 Qd8 27. h6 Nxa5 28. hxg7 Kxg7 29. Nc5 Bc8 30. Ne5 Bg5 31. Bg3 Nc4 32. Ncd3 a5 33. f4 Bh4 34. Bh2 a4 35. Qc1 Qe7 36. f5 Qg5+ 37. Kh1 Nxe3 0-1


[Site "https://www.chess.com"]

[Event "Titled Tuesday Blitz August 1 Late 2023"]
[White "Golubev, Mikhail"]
[Black "Kazakouski, Valery"]
[WhiteFideId "14100983"]
[BlackFideId "13507443"]
[WhiteElo "2556"]
[BlackElo "2888"]
[Result "0-1"]
[Round "11"]
[TimeControl "180+1"]
[Date "2023.08.01"]
[WhiteClock "0:00:02"]
[BlackClock "0:00:33"]
[Board "22"]

1. e4 c5 2. Nf3 a6 3. Nc3 e6 4. d4 b5 5. d5 d6 6. dxe6 fxe6 7. Bg5 Qc7 8. Qd2 Nc6 9. O-O-O Bb7 10. Bxb5 axb5 11. Nxb5 Qd7 12. Nxd6+ Bxd6 13. Qxd6 Qxd6 14. Rxd6 Rxa2 15. Kb1 Ra4 16. Rhd1 h6 17. Rxe6+ Kf7 18. Red6 hxg5 19. Nxg5+ Ke8 20. Rd7 Bc8 21. Rxg7 Nge7 22. f4 Rd4 23. Rxd4 cxd4 24. f5 Ne5 25. f6 N7c6 26. h4 Bg4 27. h5 Rxh5 28. Rg8+ Kd7 29. f7 Rh1+ 30. Ka2 Nxf7 31. Nxf7 Be6+ 32. b3 Bxf7 33. Rd8+ Kxd8 0-1


[Site "https://www.chess.com"]

[Event "Titled Tuesday Blitz August 1 Late 2023"]
[White "Golubka, Petro"]
[Black "Hajiyev, Kanan"]
[WhiteFideId "14114224"]
[BlackFideId "13404148"]
[WhiteElo "2736"]
[BlackElo "2553"]
[Result "1-0"]
[Round "11"]
[TimeControl "180+1"]
[Date "2023.08.01"]
[WhiteClock "0:00:41"]
[BlackClock "0:00:00"]
[Board "23"]

1. e4 c6 2. d3 d5 3. Nd2 a6 4. f4 dxe4 5. dxe4 e5 6. fxe5 Bc5 7. Ngf3 Bg4 8. h3 Bh5 9. Bc4 Nd7 10. e6 Ne5 11. exf7+ Nxf7 12. b4 Bd4 13. Bxf7+ Bxf7 14. Nxd4 Qxd4 15. Rb1 O-O-O 16. Qg4+ Kb8 17. Qf4+ Ka8 18. Qxf7 Qe3+ 19. Kd1 Nf6 20. Re1 Qf2 21. Rb3 Qxg2 22. Rd3 Rxd3 23. cxd3 Qxh3 24. Qxg7 Qg4+ 25. Qxg4 Nxg4 26. Ke2 Rd8 27. Nf3 h5 28. a3 Ka7 29. Bg5 Rf8 30. Rh1 Rh8 31. Be3+ b6 32. Bd4 Rh7 33. Ne5 Nxe5 34. Bxe5 Kb7 35. Ke3 c5 36. bxc5 bxc5 37. d4 cxd4+ 38. Bxd4 Kc6 39. Rc1+ Kb5 40. e5 h4 41. Ke4 h3 42. e6 h2 43. Rh1 Kc4 44. Bf6 Rh6 45. Kf5 Rh5+ 46. Bg5 Rh8 47. e7 Kd5 48. Rxh2 Rxh2 49. e8=Q Rf2+ 50. Bf4 Rc2 51. Qe4+ 1-0


[Site "https://www.chess.com"]

[Event "Titled Tuesday Blitz August 1 Late 2023"]
[White "Fiorito, Joaquin"]
[Black "Haszon, David"]
[WhiteFideId "180173"]
[BlackFideId "733610"]
[WhiteElo "2684"]
[BlackElo "2540"]
[Result "0-1"]
[Round "11"]
[TimeControl "180+1"]
[Date "2023.08.01"]
[WhiteClock "0:00:13"]
[BlackClock "0:00:46"]
[Board "24"]

1. d4 Nf6 2. Nc3 d5 3. Bf4 e6 4. Nb5 Bd6 5. Nxd6+ cxd6 6. Nf3 O-O 7. e3 Nc6 8. Be2 Re8 9. O-O e5 10. Bg5 h6 11. Bxf6 Qxf6 12. dxe5 dxe5 13. Qxd5 Be6 14. Qb5 Rab8 15. c3 a6 16. Qb6 Bg4 17. Rfe1 Re6 18. Qc5 e4 19. Nd4 Re5 20. Qb6 Nxd4 21. Qxd4 Bxe2 22. Rxe2 Rd8 23. Qa4 b5 24. Qc2 Rd3 25. a4 Rg5 26. axb5 Qf3 27. g3 axb5 28. Rd2 Rgd5 29. Rad1 Qf5 30. Rxd3 exd3 31. Qd2 h5 32. Kg2 h4 33. f3 h3+ 34. Kf2 Qd7 35. e4 Rd6 36. Qe3 g6 37. b3 Kh7 38. Rd2 Kg8 39. Qc5 Kh7 40. Qe3 Kg8 41. c4 bxc4 42. bxc4 Qd8 43. c5 Rd7 44. f4 Qc7 45. Kf3 Qc6 46. Rxd3 Rxd3 47. Qxd3 Qxc5 48. Qf1 Qc3+ 49. Kg4 Qc8+ 50. f5 Qc2 51. Kxh3 Qxe4 52. f6 Qe6+ 53. Kh4 Qe4+ 54. Qf4 Qe2 55. h3 Qh5# 0-1


[Site "https://www.chess.com"]

[Event "Titled Tuesday Blitz August 1 Late 2023"]
[White "Manukyan, Sargis A."]
[Black "Gasparyan, David"]
[WhiteFideId "13303970"]
[BlackFideId "13311980"]
[WhiteElo "2676"]
[BlackElo "2535"]
[Result "1/2-1/2"]
[Round "11"]
[TimeControl "180+1"]
[Date "2023.08.01"]
[WhiteClock "0:00:04"]
[BlackClock "0:00:13"]
[Board "25"]

1. d4 Nf6 2. c4 d6 3. Nc3 Nbd7 4. Nf3 c5 5. d5 g6 6. e4 Bg7 7. g3 O-O 8. Bg2 Nb6 9. Qd3 e6 10. O-O exd5 11. Nxd5 Nfxd5 12. exd5 Bf5 13. Qb3 h6 14. Re1 Re8 15. Bd2 Qd7 16. Ba5 Na4 17. Nh4 b6 18. Nxf5 gxf5 19. Bd2 Nxb2 20. Bxh6 Bxh6 21. Qxb2 Bg7 22. Qd2 Bxa1 23. Rxa1 Qe7 24. h4 Qf6 25. Rd1 Re7 26. Qf4 Rae8 27. Bh3 Re5 28. Kg2 Kg7 29. Rd3 Qh6 30. Qf3 f4 31. gxf4 Re4 32. Re3 Qg6+ 33. Kh2 Rxe3 34. fxe3 Kh8 35. Bg2 Rg8 36. e4 Qg4 37. Qf2 Qd1 38. Qb2+ Kh7 39. Qf6 Qh5 40. e5 Rg7 41. Be4+ Kh8 42. Qd8+ Rg8 43. Qf6+ Rg7 44. Bd3 Qg4 45. Qd8+ Rg8 46. Qf6+ Rg7 47. Qd8+ Rg8 48. Qf6+ Qg7 49. Qxg7+ Kxg7 50. Kg3 dxe5 51. fxe5 Re8 52. Kf4 Rh8 53. Kg4 Re8 54. Kf4 Rh8 55. Kg5 Re8 56. Kf5 Rh8 57. Kg4 Re8 58. Kf4 1/2-1/2


[Site "https://www.chess.com"]

[Event "Titled Tuesday Blitz August 1 Late 2023"]
[White "Ovchinnikov, Vsevolod"]
[Black "Kanakaris, Georgios"]
[WhiteFideId "24176842"]
[BlackFideId "4209460"]
[WhiteElo "2647"]
[BlackElo "2535"]
[Result "1-0"]
[Round "11"]
[TimeControl "180+1"]
[Date "2023.08.01"]
[WhiteClock "0:00:09"]
[BlackClock "0:00:05"]
[Board "26"]

1. d4 Nf6 2. c4 g6 3. Nc3 Bg7 4. e4 d6 5. Nf3 O-O 6. h3 Nc6 7. d5 Nb4 8. Be3 e6 9. a3 Na6 10. Be2 Re8 11. Nd2 exd5 12. cxd5 Nc5 13. Qc2 a5 14. O-O Qe7 15. Bf3 Nfd7 16. Rac1 a4 17. Rce1 b6 18. Be2 Qh4 19. Nf3 Qe7 20. Bg5 Bf6 21. Bh6 Ba6 22. Bxa6 Rxa6 23. Nb5 Ne5 24. Nfd4 Ned3 25. Re3 Ne5 26. f4 Ned7 27. Nc6 1-0


[Site "https://www.chess.com"]

[Event "Titled Tuesday Blitz August 1 Late 2023"]
[White "vishwa_vijeta"]
[Black "Toncheva, Nadya"]
[BlackFideId "2924056"]
[WhiteElo "2584"]
[BlackElo "2505"]
[Result "1/2-1/2"]
[Round "11"]
[TimeControl "180+1"]
[Date "2023.08.01"]
[WhiteClock "0:00:03"]
[BlackClock "0:00:08"]
[Board "27"]

1. e4 c5 2. Nf3 Nc6 3. d4 cxd4 4. Nxd4 g6 5. c4 Bg7 6. Be3 Nf6 7. Nc3 O-O 8. Be2 d6 9. O-O Bd7 10. Qd2 Nxd4 11. Bxd4 Bc6 12. f3 a5 13. b3 Nd7 14. Be3 Nc5 15. Rab1 Qb6 16. Rfc1 Rfc8 17. Qc2 h5 18. a3 Qd8 19. b4 axb4 20. axb4 Na4 21. Nxa4 Bxa4 22. Qd2 Bd7 23. Bd4 Be6 24. Bxg7 Kxg7 25. Qd4+ f6 26. Ra1 Qc7 27. Rxa8 Rxa8 28. c5 dxc5 29. Rxc5 Qf4 30. g3 Qb8 31. e5 Ra2 32. Bf1 f5 33. Bc4 Bxc4 34. Rxc4 b5 35. Rc6 Qa8 36. e6+ Kh6 37. Qe3+ g5 38. Rc5 Ra1+ 39. Kg2 Qa2+ 40. Qf2 Qxe6 41. Rc2 Rd1 42. Re2 Qf6 43. Qe3 Rd7 44. h4 Kg6 45. hxg5 Qd6 46. Qb3 Qd5 47. Re6+ Kf7 48. Qxd5 Rxd5 49. Rb6 e5 50. Rf6+ Kg7 51. Rxf5 Kg6 52. Rf6+ Kxg5 53. Rb6 Kf5 54. Kh3 e4 55. fxe4+ Kxe4 56. Kh4 Kd4 57. Rc6 Re5 58. Rc1 Rf5 59. Rc2 Re5 60. Rc1 Rf5 61. Rc2 Re5 62. Rc1 1/2-1/2


[Site "https://www.chess.com"]

[Event "Titled Tuesday Blitz August 1 Late 2023"]
[White "Perez, Maximiliano"]
[Black "Hambleton, Aman"]
[WhiteFideId "117234"]
[BlackFideId "2606577"]
[WhiteElo "2564"]
[BlackElo "2773"]
[Result "0-1"]
[Round "11"]
[TimeControl "180+1"]
[Date "2023.08.01"]
[WhiteClock "0:00:06"]
[BlackClock "0:00:05"]
[Board "28"]

1. e4 b6 2. d4 Bb7 3. Bd3 e6 4. Qe2 d5 5. exd5 Qxd5 6. Nf3 Nf6 7. O-O Bd6 8. Re1 Qh5 9. Ne5 Qxe2 10. Rxe2 Nbd7 11. Nxd7 Nxd7 12. Nc3 a6 13. Ne4 Be7 14. Bf4 O-O-O 15. c3 h6 16. h3 Nf6 17. Nxf6 Bxf6 18. Bc2 Rhe8 19. Rae1 Be7 20. Be5 Bd6 21. a4 Kd7 22. f3 f6 23. Bxd6 cxd6 24. f4 g5 25. fxg5 hxg5 26. c4 e5 27. d5 a5 28. b3 Ke7 29. Rf2 Rh8 30. Bf5 Bc8 31. Bxc8 Rxc8 32. Ref1 Rcf8 33. Rb2 Rh4 34. Rc1 Rc8 35. Kf2 f5 36. Ke3 Kf6 37. Rbc2 g4 38. hxg4 Rxg4 39. Kf3 Rcg8 40. Rb2 Rg3+ 0-1


[Site "https://www.chess.com"]

[Event "Titled Tuesday Blitz August 1 Late 2023"]
[White "Karamsetty, Jeevan"]
[Black "only_strong_moves"]
[WhiteFideId "2025337"]
[WhiteElo "2561"]
[BlackElo "2708"]
[Result "0-1"]
[Round "11"]
[TimeControl "180+1"]
[Date "2023.08.01"]
[WhiteClock "0:00:11"]
[BlackClock "0:00:06"]
[Board "29"]

1. e4 e5 2. Nf3 Nc6 3. d4 exd4 4. Bc4 Nf6 5. e5 d5 6. Bb5 Ne4 7. Nxd4 Bd7 8. Bxc6 bxc6 9. O-O Be7 10. f3 Nc5 11. f4 Qb8 12. f5 Qb6 13. f6 gxf6 14. exf6 Bd6 15. Re1+ Ne6 16. Be3 c5 17. Nf5 O-O-O 18. Qxd5 Ba4 19. Qe4 Qxb2 20. Nd2 Qxc2 21. Qa8+ Kd7 22. Qxa7 Ra8 23. Qb7 Qxf5 24. Nc4 Rab8 25. Nxd6 Rxb7 26. Nxf5 Rb2 27. Rac1 Rg8 28. g3 Rd8 29. Bxc5 Kc8 30. Bd6 Rc2 31. Rxc2 Bxc2 32. Be5 Bxf5 33. Rc1 Rd5 34. Bb2 Be4 35. Bc3 Rd3 36. Be1 Ng5 37. Kf2 Nh3+ 38. Ke2 Ra3 39. Bb4 Rxa2+ 40. Ke3 Bd5 41. Bd6 c6 42. Kd4 Ng5 43. Rb1 Ne6+ 44. Ke5 Ra8 45. Rc1 Kd7 46. Be7 Ra5 47. Kf5 Bc4+ 48. Ke4 Bd5+ 49. Ke3 Ra4 50. h4 Ra7 51. Kf2 h6 52. Rb1 h5 53. Rb8 c5 54. Ke3 Kc6 55. Rh8 Ra3+ 56. Kf2 Ra2+ 57. Ke3 c4 58. Rc8+ Kd7 59. Rb8 c3 60. Rb1 c2 61. Rc1 Kc6 62. Kd3 Bb3 63. Kc3 Ba4 64. Re1 Nc5 65. Kd2 Nb3+ 66. Kc3 c1=Q+ 67. Rxc1 Nxc1 68. Kd4 Ne2+ 69. Ke4 Rb2 70. Kf3 Rb3+ 71. Kxe2 Rxg3 72. Kf2 Rg4 73. Kf3 Bb3 74. Bb4 Be6 75. Be1 Kd5 76. Bc3 Kc4 77. Be1 Kd3 78. Bg3 Re4 79. Kg2 Bd5 80. Kh3 Rg4 81. Bf2 Bg2+ 82. Kh2 Bd5 83. Bg3 Ke2 84. Kh3 Be6 85. Kh2 Ra4 86. Be5 Kf3 87. Kg1 Re4 88. Bd6 Re1+ 89. Kh2 Re2+ 90. Kg1 Rg2+ 91. Kh1 Rg4 92. Bh2 Bd5 93. Bg3 Kxg3+ 94. Kg1 Kxh4+ 95. Kf1 Kg5 0-1


[Site "https://www.chess.com"]

[Event "Titled Tuesday Blitz August 1 Late 2023"]
[White "Kuzmicz, Krystian"]
[Black "Graif, William"]
[WhiteFideId "1119125"]
[BlackFideId "2609835"]
[WhiteElo "2694"]
[BlackElo "2560"]
[Result "0-1"]
[Round "11"]
[TimeControl "180+1"]
[Date "2023.08.01"]
[WhiteClock "0:00:02"]
[BlackClock "0:00:04"]
[Board "30"]

1. e4 e5 2. Bc4 Nc6 3. Qf3 Nf6 4. Ne2 Na5 5. d3 Bc5 6. Nbc3 Nxc4 7. dxc4 h6 8. Be3 Bxe3 9. Qxe3 d6 10. O-O-O b6 11. f3 Ba6 12. b3 Qe7 13. g4 Bb7 14. h4 Nd7 15. Kb2 g6 16. Nd5 Bxd5 17. cxd5 O-O-O 18. Qd3 Kb7 19. b4 Ra8 20. Qc4 Nb8 21. Rd3 a5 22. a3 Qd7 23. Rc3 b5 24. Qd3 Na6 25. Rc6 Rhb8 26. c3 Kc8 27. Qe3 Rb7 28. Qxh6 Rba7 29. Qe3 Nb8 30. h5 axb4 31. cxb4 Rxa3 32. Qxa3 Rxa3 33. Kxa3 Nxc6 34. dxc6 Qxc6 35. Kb2 Qc4 36. Nc3 Qxb4+ 37. Kc2 Qc4 38. Kd2 b4 39. Ne2 Qa2+ 40. Ke3 gxh5 41. gxh5 Qa7+ 42. Kd2 Qa2+ 43. Ke3 Qa7+ 44. Kd3 Qa3+ 45. Kd2 Qa2+ 46. Kd1 Qa1+ 47. Nc1 Qd4+ 48. Ke2 Qc4+ 49. Kf2 Qd4+ 50. Kg3 Qe3 51. h6 Qg5+ 52. Kf2 Qg8 53. h7 Qh8 54. Ke2 c5 55. Kd3 d5 56. exd5 e4+ 57. Kxe4 c4 58. Ne2 b3 59. d6 b2 60. Kd5 Qxh7 61. Rxh7 b1=Q 62. Rh8+ Kd7 63. Nd4 Qb7+ 64. Ke5 f6+ 65. Kxf6 Kxd6 66. Rd8+ Kc7 67. Ne6+ Kb6 68. Rd6+ Ka5 69. f4 c3 70. Nd4 Qc7 71. Ke5 c2 72. Nxc2 Qxc2 73. f5 Qe2+ 74. Kf6 Qb2+ 75. Kf7 Qb3+ 76. Re6 Qd5 77. Kg6 Kb5 78. Re3 Qd7 79. Rg3 Qe8+ 80. Kg5 Qe7+ 81. Kf4 Qd6+ 82. Kg4 Qf6 83. Re3 Kc5 84. Re6 Qg7+ 85. Kf4 Kd5 86. Rf6 Qxf6 0-1


[Site "https://www.chess.com"]

[Event "Titled Tuesday Blitz August 1 Late 2023"]
[White "Vovk, Orest"]
[Black "Schnaider, Ilan"]
[WhiteFideId "14113490"]
[BlackFideId "169013"]
[WhiteElo "2530"]
[BlackElo "2683"]
[Result "0-1"]
[Round "11"]
[TimeControl "180+1"]
[Date "2023.08.01"]
[WhiteClock "0:00:00"]
[BlackClock "0:00:12"]
[Board "31"]

1. h4 d5 2. h5 e5 3. h6 Nxh6 4. d4 e4 5. Bxh6 gxh6 6. e3 c5 7. Nc3 Be6 8. Rh5 Qd7 9. dxc5 Bg4 10. Qxd5 Bxh5 11. Qxh5 Nc6 12. Rd1 Qe6 13. Nb5 Rc8 14. Rd5 Be7 15. Bc4 Qg6 16. Qh3 O-O 17. Ne2 Nb4 18. Nf4 Qg7 19. Rd7 Rxc5 20. Nd4 Nxc2+ 21. Kf1 Nxd4 22. Rxd4 Bf6 23. Rxe4 Bg5 24. Nd3 Rc7 25. Ke2 Rfc8 26. Bb3 b5 27. f4 Bf6 28. Kf3 a5 29. a4 bxa4 30. Bxa4 Rc4 31. Rxc4 Rxc4 32. Bb5 Rc2 33. Qc8+ Rxc8 0-1


[Site "https://www.chess.com"]

[Event "Titled Tuesday Blitz August 1 Late 2023"]
[White "Klukin, Kirill"]
[Black "Sreyas Payyappat"]
[WhiteFideId "24199273"]
[BlackFideId "46674969"]
[WhiteElo "2683"]
[BlackElo "2530"]
[Result "1-0"]
[Round "11"]
[TimeControl "180+1"]
[Date "2023.08.01"]
[WhiteClock "0:00:39"]
[BlackClock "0:00:54"]
[Board "32"]

1. d4 Nf6 2. Nf3 c5 3. c3 e6 4. Bf4 Nc6 5. e3 Nh5 6. Bg5 Qb6 7. Qb3 h6 8. Bh4 g5 9. Bg3 Nxg3 10. hxg3 Bg7 11. Nbd2 d5 12. Qxb6 axb6 13. Bb5 Bd7 14. Nb3 Ke7 15. dxc5 bxc5 16. Nxc5 Ra5 17. a4 Rha8 18. O-O R5a7 19. Rfd1 f5 20. Nxd7 Kxd7 21. c4 Kd6 22. cxd5 exd5 23. Nd2 Na5 24. Rab1 b6 25. b4 Nc6 26. Nc4+ Kc7 27. Rxd5 Bc3 28. Rbd1 1-0


[Site "https://www.chess.com"]

[Event "Titled Tuesday Blitz August 1 Late 2023"]
[White "Zhang, Derek"]
[Black "Bjelobrk, Igor"]
[WhiteFideId "2087871"]
[BlackFideId "4300726"]
[WhiteElo "2527"]
[BlackElo "2678"]
[Result "0-1"]
[Round "11"]
[TimeControl "180+1"]
[Date "2023.08.01"]
[WhiteClock "0:00:03"]
[BlackClock "0:01:07"]
[Board "33"]

1. Nf3 c5 2. c4 g6 3. Nc3 Bg7 4. e3 Nf6 5. d4 d6 6. d5 O-O 7. e4 e6 8. Bd3 exd5 9. exd5 Re8+ 10. Be3 Ng4 11. O-O Nxe3 12. fxe3 Rxe3 13. Qd2 Re7 14. Ng5 Nd7 15. Nce4 Ne5 16. Rae1 f5 17. Nc3 Nxd3 18. Qxd3 Rxe1 19. Rxe1 Qxg5 20. Nb5 Qd8 21. Qg3 Be5 22. Rxe5 dxe5 23. Qxe5 Bd7 24. Nd6 Qf8 25. Nxb7 Re8 26. Qc7 Qe7 27. h3 Qe1+ 28. Kh2 Qe5+ 29. Qxe5 Rxe5 30. Nxc5 Bc8 31. b4 Kf8 32. a3 Ke7 33. Nd3 Re3 34. Nf4 g5 35. Nh5 f4 36. c5 Rxa3 37. d6+ Kf7 38. c6 Rd3 39. d7 Bxd7 40. cxd7 Rxd7 41. h4 h6 42. Kh3 Rd2 43. hxg5 hxg5 44. b5 Kg6 45. g4 Rd3+ 46. Kg2 Rb3 0-1


[Site "https://www.chess.com"]

[Event "Titled Tuesday Blitz August 1 Late 2023"]
[White "Adewumi, Tanitoluwa"]
[Black "Bettalli, Francesco"]
[WhiteFideId "30966396"]
[BlackFideId "2816453"]
[WhiteElo "2654"]
[BlackElo "2526"]
[Result "0-1"]
[Round "11"]
[TimeControl "180+1"]
[Date "2023.08.01"]
[WhiteClock "0:00:00"]
[BlackClock "0:01:17"]
[Board "34"]

1. e4 e5 2. Nf3 Nf6 3. Nc3 Bc5 4. Nxe5 Nc6 5. Nxc6 dxc6 6. Be2 h5 7. h3 Qd4 8. O-O Ng4 9. hxg4 hxg4 10. g3 Qe5 11. Kg2 Bxf2 12. Kxf2 Rh2+ 13. Ke3 Qxg3+ 14. Bf3 Be6 15. Qe1 Qh3 16. Ne2 gxf3 17. Rxf3 Qh6+ 18. Nf4 Bg4 19. Rg3 Re2+ 20. Qxe2 Bxe2 21. Rh3 Qg5 22. Rh8+ Kd7 23. Rxa8 Bh5 24. d3 Qg3+ 25. Kd4 Qf2+ 26. Kc3 Bd1 0-1


[Site "https://www.chess.com"]

[Event "Titled Tuesday Blitz August 1 Late 2023"]
[White "Przybylski, Wojciech"]
[Black "Grossboss19"]
[WhiteFideId "1117599"]
[WhiteElo "2638"]
[BlackElo "2515"]
[Result "0-1"]
[Round "11"]
[TimeControl "180+1"]
[Date "2023.08.01"]
[WhiteClock "0:00:03"]
[BlackClock "0:00:03"]
[Board "35"]

1. d4 d5 2. c4 e6 3. Nf3 Nf6 4. Nc3 c6 5. e3 Bd6 6. b3 Nbd7 7. Bb2 O-O 8. Bd3 dxc4 9. bxc4 e5 10. O-O Re8 11. Qc2 h6 12. Ne4 Nxe4 13. Bxe4 Qc7 14. h3 c5 15. d5 Nf6 16. Bf5 e4 17. Bxc8 exf3 18. Bf5 fxg2 19. Kxg2 Be5 20. Rad1 Rad8 21. Bc1 Qe7 22. f4 Bc7 23. Rde1 Ne4 24. Bb2 Ba5 25. Re2 g6 26. Bxe4 Qxe4+ 27. Qxe4 Rxe4 28. Rc1 Rde8 29. Be5 f5 30. d6 Rd8 31. Kf3 Kf7 32. Rb2 Bb6 33. Rbc2 Rd7 34. Rg1 Bd8 35. Rd1 Bf6 36. Bxf6 Kxf6 37. Rd5 b6 38. a3 Ke6 39. Rg2 Kf7 40. Rc2 Re6 41. Rcd2 Re4 42. Rc2 Kf6 43. h4 h5 44. Rd1 Ke6 45. Rg2 Kf7 46. Rc2 Re6 47. Rcd2 Ke8 48. a4 Rb7 49. d7+ Kd8 50. Rd6 Rxd6 51. Rxd6 Rxd7 52. Rxg6 Rd3 53. Rg5 Ra3 54. Rxh5 Rxa4 55. Rxf5 Rxc4 56. h5 Rc1 57. Rf7 Rh1 58. Kg4 c4 59. Rxa7 c3 60. Ra3 c2 61. Rc3 Rh2 62. h6 b5 63. Kg5 b4 64. Rc5 b3 65. Kg6 b2 66. h7 Rxh7 67. Rxc2 b1=Q 68. f5 Qxc2 69. e4 Qxe4 70. Kf6 Rf7+ 71. Kg6 Qxf5+ 72. Kh6 Rh7# 0-1


[Site "https://www.chess.com"]

[Event "Titled Tuesday Blitz August 1 Late 2023"]
[White "Willy, Stephen"]
[Black "Karaoglan, Doruk"]
[WhiteFideId "30981468"]
[BlackFideId "6390927"]
[WhiteElo "2505"]
[BlackElo "2635"]
[Result "1-0"]
[Round "11"]
[TimeControl "180+1"]
[Date "2023.08.01"]
[WhiteClock "0:00:53"]
[BlackClock "0:00:00"]
[Board "36"]

1. e4 c5 2. Nc3 d6 3. d4 cxd4 4. Qxd4 Nc6 5. Qe3 g6 6. Bc4 Bg7 7. Nge2 Nf6 8. h4 O-O 9. f3 e6 10. Qf2 d5 11. exd5 exd5 12. Bb3 d4 13. Ne4 d3 14. cxd3 Nb4 15. Nf4 Nh5 16. O-O Nxf4 17. Bxf4 Nxd3 18. Qd2 Qxh4 19. g3 Qd8 20. Rad1 Qb6+ 21. Be3 1-0


[Site "https://www.chess.com"]

[Event "Titled Tuesday Blitz August 1 Late 2023"]
[White "Peycheva, Gergana"]
[Black "Pinheiro, Iung Alicio de O."]
[WhiteFideId "2916711"]
[BlackFideId "2104350"]
[WhiteElo "2504"]
[BlackElo "2631"]
[Result "0-1"]
[Round "11"]
[TimeControl "180+1"]
[Date "2023.08.01"]
[WhiteClock "0:00:02"]
[BlackClock "0:00:27"]
[Board "37"]

1. d4 Nf6 2. c4 e6 3. Nc3 Bb4 4. Qc2 Nc6 5. Nf3 d6 6. e3 e5 7. d5 Bxc3+ 8. Qxc3 Ne7 9. Nd2 O-O 10. Bd3 c6 11. dxc6 bxc6 12. O-O Ng6 13. b3 Re8 14. Bb2 d5 15. Bxg6 hxg6 16. Nf3 Ne4 17. Qc2 f6 18. Rfd1 Be6 19. Nd2 Nd6 20. Ba3 Nf5 21. Nf3 Qa5 22. Bb2 Rac8 23. Bc3 Qa6 24. e4 Ne7 25. exd5 cxd5 26. cxd5 Nxd5 27. Rd3 Nb4 28. Qd2 Nxd3 29. Qxd3 Qxd3 0-1


[Site "https://www.chess.com"]

[Event "Titled Tuesday Blitz August 1 Late 2023"]
[White "Liu, Casper"]
[Black "Fishbein, Alexander"]
[WhiteFideId "1454153"]
[BlackFideId "2000377"]
[WhiteElo "2499"]
[BlackElo "2624"]
[Result "0-1"]
[Round "11"]
[TimeControl "180+1"]
[Date "2023.08.01"]
[WhiteClock "0:00:39"]
[BlackClock "0:00:44"]
[Board "38"]

1. e4 c5 2. d4 cxd4 3. Qxd4 Nc6 4. Qe3 Nf6 5. Nc3 d5 6. exd5 Nxd5 7. Nxd5 Qxd5 8. Qb3 Qxb3 9. axb3 Bf5 10. c3 a6 11. Bb5 Rc8 12. Be2 e5 13. Nf3 e4 14. Nd2 Bc5 15. Nc4 O-O 16. Be3 Bxe3 17. Nxe3 Be6 18. b4 f5 19. Bc4 Bxc4 20. Nxc4 Nxb4 21. cxb4 Rxc4 22. b5 axb5 23. O-O Rc2 24. b4 Rd8 25. Ra5 Rdd2 26. Rxb5 e3 27. Re5 f4 28. h4 Rxf2 29. Rxf2 Rxf2 30. Re7 Rb2 31. Kh2 Rxb4 32. Kh3 Kf8 33. Re5 Kf7 34. Kg4 Kf6 35. Re8 h5+ 36. Kxh5 Kf5 37. Re7 g6+ 38. Kh6 Kg4 39. Kxg6 Kxh4 40. Kf5 Kg3 41. Rg7+ Kf2 0-1


[Site "https://www.chess.com"]

[Event "Titled Tuesday Blitz August 1 Late 2023"]
[White "Sivakumar, Shaaketh"]
[Black "Wu, Rochelle"]
[WhiteFideId "30940176"]
[BlackFideId "30908132"]
[WhiteElo "2497"]
[BlackElo "2620"]
[Result "1-0"]
[Round "11"]
[TimeControl "180+1"]
[Date "2023.08.01"]
[WhiteClock "0:00:10"]
[BlackClock "0:00:09"]
[Board "39"]

1. d4 d5 2. c4 c6 3. Nf3 Nf6 4. e3 a6 5. Nc3 Bf5 6. a4 e6 7. Qb3 Qc8 8. Nh4 Be4 9. c5 h6 10. Nxe4 dxe4 11. g3 Nbd7 12. a5 Nd5 13. Be2 e5 14. O-O Be7 15. Nf5 Bf8 16. Bc4 exd4 17. Bxd5 cxd5 18. Qxd5 Nxc5 19. exd4 Qe6 20. Nxg7+ Bxg7 21. Qxc5 Rc8 22. Qb4 Qd5 23. Be3 Rc4 24. Qb3 O-O 25. Ra4 Rfc8 26. Kg2 Qe6 27. Rxc4 Rxc4 28. Qxb7 Bxd4 29. Qb8+ Kh7 30. Qf4 Bxb2 31. Rd1 Be5 32. Qh4 Bg7 33. Qh5 Ra4 34. Bf4 Ra2 35. Rd6 Qe7 36. Bxh6 Kg8 37. Qg4 Qe5 38. Bxg7 Qxg7 39. Rd8+ Kh7 40. Qh5+ Qh6 41. Qxf7+ Qg7 42. Qh5+ Qh6 43. Rd7+ 1-0


[Site "https://www.chess.com"]

[Event "Titled Tuesday Blitz August 1 Late 2023"]
[White "Gaal, Zsoka"]
[Black "brm72"]
[WhiteFideId "777765"]
[WhiteElo "2482"]
[BlackElo "2615"]
[Result "0-1"]
[Round "11"]
[TimeControl "180+1"]
[Date "2023.08.01"]
[WhiteClock "0:00:02"]
[BlackClock "0:00:23"]
[Board "40"]

1. Nf3 c5 2. c4 Nc6 3. g3 g6 4. Bg2 Bg7 5. Nc3 e5 6. O-O d6 7. a3 a5 8. Ne1 Be6 9. d3 Nge7 10. Nc2 d5 11. cxd5 Nxd5 12. Ne3 Nb6 13. Bxc6+ bxc6 14. Ne4 Qe7 15. Qc2 c4 16. dxc4 O-O 17. c5 Nc8 18. Rd1 a4 19. Bd2 Bb3 20. Qc1 Bxd1 21. Qxd1 Na7 22. Bb4 Nb5 23. Nd6 Nd4 24. Nec4 e4 25. Nb6 Rad8 26. Nxa4 h5 27. Nc3 f5 28. a4 h4 29. a5 e3 30. f3 hxg3 31. hxg3 f4 32. Kg2 Be5 33. Qh1 Kg7 34. Qh4 Qe6 35. a6 Rh8 36. Qg4 Qxg4 37. fxg4 fxg3 38. a7 Nc2 39. Ra4 Rh2+ 40. Kg1 Rdh8 41. Nd1 Rh1+ 42. Kg2 Nd4 43. Nf5+ gxf5 44. Nxe3 R8h2# 0-1


[Site "https://www.chess.com"]

[Event "Titled Tuesday Blitz August 1 Late 2023"]
[White "Reprintsev, Alexander"]
[Black "Vlassov, Nikolai"]
[WhiteFideId "14100541"]
[BlackFideId "4103360"]
[WhiteElo "2464"]
[BlackElo "2582"]
[Result "0-1"]
[Round "11"]
[TimeControl "180+1"]
[Date "2023.08.01"]
[WhiteClock "0:00:43"]
[BlackClock "0:00:13"]
[Board "41"]

1. e4 c5 2. b3 Nf6 3. e5 Nd5 4. Nc3 e6 5. Bb2 Nc6 6. Ne4 Qc7 7. c4 Nf4 8. g3 Ng6 9. f4 b6 10. Bg2 Bb7 11. Nf3 Nb4 12. Qb1 O-O-O 13. a3 Nc6 14. O-O Be7 15. Bc3 a5 16. b4 cxb4 17. axb4 Nxb4 18. Nd6+ Bxd6 19. exd6 Qxd6 20. Bxg7 Rhg8 21. Bf6 Rde8 22. Bc3 Nxf4 23. Be5 Ne2+ 24. Kh1 Qd3 25. Rf2 d6 26. Qxd3 Nxd3 27. Rxe2 dxe5 28. Nxe5 Bxg2+ 29. Kxg2 Nf4+ 30. Kf3 Nxe2 31. Kxe2 f6 32. Nf3 e5 33. Rb1 Kc7 34. Rb5 a4 35. c5 bxc5 36. Rxc5+ Kb6 37. Rc4 a3 38. Rb4+ Kc5 39. Rb1 a2 40. Ra1 Ra8 41. Ne1 Rgb8 42. Nd3+ Kd4 43. Nc1 Rb2 44. g4 e4 45. h4 e3 0-1


[Site "https://www.chess.com"]